 Dungeon Crawl Stone Soup version 0.29.0-4-gdea44cf6ec (webtiles) character file.

Game seed: 17787237249477808790

39 qw the Chopper (level 3, -1/29 HPs)
             Began as a Demonspawn Cinder Acolyte on Sept 8, 2022.
             Was a High Priest of Ignis.
             Slain by Sigmund
             ... wielding a +2 vampiric scythe
              (6 damage)
             ... on level 3 of the Dungeon.
             The game lasted 00:00:44 (2477 turns).

qw the Chopper (Demonspawn Cinder Acolyte)          Turns: 2477, Time: 00:00:44

Health: -1/29      AC: 13    Str: 16    XL:     3   Next: 28%
Magic:  4/4        EV: 11    Int: 15    God:    Ignis [*****.]
Gold:   75         SH:  0    Dex:  8    Spells: 4/4 levels left

rFire   + . .      SeeInvis +   Y - -1 hand axe (flame)
rCold   . . .      Faith    .   (no shield)
rNeg    . . .      Spirit   .   j - +0 leather armour
rPois   .          Reflect  .   e - +2 hat
rElec   .          Harm     .   (no cloak)
rCorr   .          Rampage  .   d - +0 pair of gloves
Will    .....                   (no boots)
Stlth   +.........              (no amulet)
HPRegen 0.09/turn               l - ring of see invisible
MPRegen 0.09/turn               (no ring)

@: fiery-armoured
A: powered by pain 1, weakness stinger 1
a: Renounce Religion, Fiery Armour, Foxfire Swarm, Rising Flame


You were on level 3 of the Dungeon.
You worshipped Ignis.
Ignis was extremely pleased with you.
You visited 1 branch of the dungeon, and saw 3 of its levels.

You collected 75 gold pieces.


Innate Abilities, Weirdness & Mutations

You sometimes gain a little power by taking damage.
You have a small tail.


   Skills:
 - Level 3.0 Fighting
 - Level 4.0 Axes
 + Level 0.2 Dodging
 - Level 1.0 Spellcasting
 - Level 2.6 Fire Magic


You had 4 spell levels left.
You didn't know any spells.
Your spell library contained the following spells:

 Spells                   Type           Power      Damage    Failure   Level
 Scorch                   Fire           16%        2d6       16%         2

Inventory:

Hand Weapons
 Y - a -1 hand axe of flaming (weapon)
Armour
 d - a +0 pair of gloves (worn)
 e - a +2 hat (worn)
 j - a +0 leather armour (worn)
Jewellery
 b - a +6 ring of strength
 l - a ring of see invisible (left hand)
Potions
 a - 2 potions of mutation {unknown}
 f - a potion of brilliance {unknown}
 g - a potion of attraction {unknown}
 h - 2 potions of haste
 k - a potion of berserk rage {unknown}

Dungeon Overview and Level Annotations

Branches:
Dungeon (3/15)

Altars:
Nemelex Xobeh

Shops:
D:2 [

Annotations:
D:1 2 transporters
D:3 Sigmund


Message History

You hit Sigmund. You burn Sigmund.
Sigmund is heavily wounded.
Sigmund completely misses you.
You hit Sigmund. You burn Sigmund.
Sigmund is heavily wounded.
Sigmund casts a spell at you.
You are confused.
2469 ||| DRINKING potion of curing.
You feel better.
2469 ||| (to cure confusion) Sigmund hits you with a +2 vampiric scythe.
You hit Sigmund but do no damage.
Sigmund is heavily wounded.
You slash Sigmund! You burn Sigmund.
Sigmund is severely wounded.
Sigmund hits you with a +2 vampiric scythe.
Sigmund draws strength from your wounds!
You closely miss Sigmund.
Sigmund is severely wounded.
Sigmund barely misses you.
You hit Sigmund. You burn Sigmund.
Your tail-slap misses Sigmund.
Sigmund is severely wounded.
You completely miss Sigmund.
Sigmund is severely wounded.
Sigmund says, "I'm your fate."
Sigmund hits you with a +2 vampiric scythe!
Sigmund draws strength from your wounds!
2475 ||| INVOKING Fiery Armour.
A protective cloak of flame settles atop you.
Sigmund hits you with a +2 vampiric scythe.
Sigmund draws strength from your wounds!
Sigmund is burned by your cloak of flames.
Sigmund is heavily wounded.
You closely miss Sigmund.
Your tail-slap misses Sigmund.
Sigmund is heavily wounded.
Sigmund points at you and mumbles some strange words.
The puff of flame hits you. You resist.
You closely miss Sigmund.
Sigmund is heavily wounded.
Sigmund hits you with a +2 vampiric scythe.
You die...

### ####..
#####...).
####.....###.
#....##### #.
# ####.#### #.
...######....#
#.
#.....#..####
#. #..@@)## #.
#.##.## #. #..
#. .... #.
###.## ## .# #
.# ## .# ###.
#...


You could see Sigmund (invisible).

Vanquished Creatures
  An adder (D:2)
  2 bats (D:1)
  5 endoplasms (D:2)
  A giant cockroach (D:2)
  4 goblins
  3 hobgoblins (D:1)
  A quokka (D:3)
  2 ball pythons (D:1)
  5 frilled lizards
  3 kobolds
  3 rats (D:1)
30 creatures vanquished.

Notes
Turn   | Place    | Note
-------+----------+-------------------------------------------
     0 | D:1      | qw the Demonspawn Cinder Acolyte began the quest for the
                  | Orb.
     0 | D:1      | Reached XP level 1. HP: 18/18 MP: 2/2
     0 | D:1      | 0 ||| qw: Version: 0.1-a-112-g44dc6cd
     0 | D:1      | 0 ||| qw: Game counter: 6746
     0 | D:1      | 0 ||| qw: Always use a shield: true
     0 | D:1      | 0 ||| qw: God list: Okawaru
     0 | D:1      | 0 ||| qw: Allow faded altars: false
     0 | D:1      | 0 ||| qw: Do Orc after D:15 true
     0 | D:1      | 0 ||| qw: Do second Lair branch before Depths: true
     0 | D:1      | 0 ||| qw: Lair rune preference: random
     0 | D:1      | 0 ||| qw: Plans: Normal
     0 | D:1      | 0 ||| PLANNING D:1-11
   202 | D:1      | 202 ||| Stepping ~*~*~tactically~*~*~ (stealth).
   203 | D:1      | 203 ||| Stepping ~*~*~tactically~*~*~ (stealth).
   232 | D:1      | 232 ||| Stepping ~*~*~tactically~*~*~ (stealth).
   254 | D:1      | 254 ||| Stepping ~*~*~tactically~*~*~ (stealth).
   260 | D:1      | Reached skill level 3 in Axes
   317 | D:1      | 317 ||| INVOKING Fiery Armour.
   319 | D:1      | Gained mutation: You sometimes gain a little power by
                  | taking damage. [demonic ancestry]
   319 | D:1      | Reached XP level 2. HP: 11/24 MP: 3/3
   530 | D:1      | Found a faded altar of an unknown god.
  1165 | D:1      | 1165 ||| UPGRADING to +0 pair of gloves.
  1170 | D:1      | 1170 ||| UPGRADING to +2 hat.
  1175 | D:1      | 1175 ||| UPGRADING to +0 leather armour.
  1185 | D:1      | 1185 ||| DROPPING +0 robe.
  1186 | D:1      | 1186 ||| READING scroll labelled IDGHAMPAUKH.
  1187 | D:1      | 1187 ||| READING scroll labelled HAMOG MANOR.
  1188 | D:1      | 1188 ||| DRINKING 2 smoky green potions.
  1247 | D:2      | Found Wiwar's Antique Armour Shop.
  1252 | D:2      | 1252 ||| SHOPLISTING pair of runed boots (172 gold, have
                  | 58).
  1252 | D:2      | 1252 ||| SHOPLISTING ring mail (92 gold, have 58).
  1487 | D:2      | Discovered your monstrous ancestry.
  1487 | D:2      | Gained mutation: You have a small tail. [demonic ancestry]
  1487 | D:2      | Reached XP level 3. HP: 21/29 MP: 4/4
  1597 | D:2      | Found a sparkling altar of Nemelex Xobeh.
  1886 | D:2      | 1886 ||| UPGRADING to ring of see invisible.
  1887 | D:2      | 1887 ||| READING scroll labelled AFEYDW CARYCZU.
  1888 | D:2      | 1888 ||| READING scroll labelled PIEJER CYLLOM.
  1889 | D:2      | 1889 ||| READING scroll labelled QAOXZA BAXUO.
  1890 | D:2      | 1890 ||| DRINKING 3 sedimented golden potions.
  1891 | D:2      | 1891 ||| Stepping randomly (stuck).
  1892 | D:2      | 1892 ||| Stepping ~*~*~tactically~*~*~ (cloud).
  1904 | D:2      | HP: 7/29 [poisoned by you (poison gas)]
  2193 | D:3      | Reached skill level 4 in Axes
  2453 | D:3      | Noticed Sigmund
  2454 | D:3      | 2454 ||| Stepping ~*~*~tactically~*~*~ (hiding).
  2459 | D:3      | 2459 ||| DRINKING 2 potions of curing.
  2459 | D:3      | 2459 ||| (to cure confusion)
  2469 | D:3      | 2469 ||| DRINKING potion of curing.
  2469 | D:3      | 2469 ||| (to cure confusion)
  2475 | D:3      | 2475 ||| INVOKING Fiery Armour.
  2476 | D:3      | HP: 5/29 [Sigmund/puff of flame (3)]
  2477 | D:3      | Slain by Sigmund

Levels and vault maps discovered:
D:1:      spicycebolla_arrival_transporter_tutorial, layout_rooms,
          dreamdust_ecumenical_altar_statues
D:2:      layout_basic, basic_altar, serial_shops, shop
D:3:      layout_rooms, uniq_sigmund

Skill      XL: |  1  2  3 |
---------------+----------+-----
Axes           | 3 4 |  4.0
Fighting       | |  3.0
Dodging        | |  0.2
Spellcasting   | |  1.0
Fire Magic     | |  2.6

Action                   || total
-------------------------++-------
Melee: Hand axe          ||   132
       Tailslap          ||     2
Invok: Fiery Armour      ||     2
  Use: Scroll            ||     5
       Potion            ||     4
Armor: Robe              ||    21
       Leather armour    ||    21
Dodge: Dodged            ||    76

Table legend:
 A = Non-vault XP
 B = Vault XP
 C = Vault XP percentage of total XP
 D = Non-vault monster count
 E = Vault monster count
 F = Vault count percentage of total count
                 A         B        C        D         E       F
            +---------+---------+-------+---------+---------+-------
      Total |      57 |       0 |   0.0 |      30 |       0 |   0.0
            +---------+---------+-------+---------+---------+-------
        D:1 |      23 |       0 |   0.0 |      17 |       0 |   0.0
        D:2 |      27 |       0 |   0.0 |       8 |       0 |   0.0
        D:3 |       7 |       0 |   0.0 |       5 |       0 |   0.0
            +---------+---------+-------+---------+---------+-------
